 Dungeon Crawl Stone Soup version 0.22-a0-377-g846bec1 (webtiles) character file.

36 JeffiDaFish the Grave Robber (level 3, 0/16 HPs)
             Began as a Spriggan Necromancer on Apr 27, 2018.
             Succumbed to an adder's poison
             ... on level 2 of the Dungeon.
             The game lasted 00:03:20 (1695 turns).

JeffiDaFish the Grave Robber (Spriggan Necromancer) Turns: 1695, Time: 00:03:21

Health: 0/16       AC:  2    Str:  4    XL:     3   Next: 19%
Magic:  7/9        EV: 19    Int: 17    God:
Gold:   29         SH:  0    Dex: 16    Spells: 8/9 levels left

rFire    . . .     SeeInvis +   b - +1 dagger
rCold    . . .     Gourm    .   (shield restricted)
rNeg     . . .     Faith    .   e - +0 robe
rPois    .         Spirit   .   (helmet restricted)
rElec    .         Reflect  .   (no cloak)
rCorr    .         Harm     .   (gloves unavailable)
MR       .....                  (boots unavailable)
Stlth    ++........             (no amulet)
HPRegen  0.05/turn              (no ring)
MPRegen  0.11/turn              (no ring)

@: lethally poisoned (0 -> -4), very slightly contaminated, very quick
A: very small, unfitting armour, see invisible, herbivore, speed 3, slow
metabolism 2
a: no special abilities


You were on level 2 of the Dungeon.
You were not hungry.

You visited 1 branch of the dungeon, and saw 2 of its levels.

You collected 29 gold pieces.

Inventory:

Hand Weapons
 b - a +1 dagger (weapon)
Armour
 e - a +0 robe (worn)
Comestibles
 c - a ration


   Skills:
 + Level 3.6 Dodging
 - Level 3.2 Stealth
 * Level 3.5 Spellcasting
 * Level 4.0 Necromancy


You had 8 spell levels left.
You knew the following spells:

 Your Spells              Type           Power        Failure   Level  Hunger
a - Pain                  Necr           ###.         3%          1    None


Dungeon Overview and Level Annotations

Branches:
Dungeon (2/15)

Altars:


Innate Abilities, Weirdness & Mutations

You are very small and have problems with some larger weapons.
You are too small for most types of armour.
You have supernaturally acute eyesight. (SInv)
You are a herbivore.
You cover ground extremely quickly.
You need to consume almost no food.


Message History

You feel sick. The adder misses you. Magic courses through your body.
The adder misses you. The adder closely misses you.
Casting: Pain (safe; 3% risk of failure)
Confirm with . or Enter, or press ? or * to list all spells.
Aiming: Pain (safe; 3% risk of failure)
Press: ? - help, Shift-Dir - straight line, f/p - adder
Aim: an adder (almost dead, chance to defeat MR: 80%)
The adder writhes in agony!
You kill the adder!
Your Necromancy skill increases to level 4!
You have reached level 3!
Your experience leads to an increase in your attributes!
Increase (S)trength, (I)ntelligence, or (D)exterity?
You feel clever.
Memorise Regeneration, consuming 3 spell levels and leaving 5? [Y]es or [N]o only, please.
Memorise Regeneration, consuming 3 spell levels and leaving 5?
Your memorisation is interrupted.
You die...

.. .. .. #. ..# #.
.. # #. ...
.#.#.#.####.#
.......@..#[#
.#.#...##.#.#
...........>#
...#...#.#..# ..
#........# .
#.######.##
...........#
##.######..#########
#.......)........


There were no monsters in sight!

Vanquished Creatures
  An adder (D:2)
  A leopard gecko (D:1)
  6 bats
  5 goblins
  4 hobgoblins
  2 frilled lizards (D:1)
  4 kobolds
  A rat (D:2)
24 creatures vanquished.

Notes
Turn   | Place    | Note
-------+----------+-------------------------------------------
     0 | D:1      | JeffiDaFish the Spriggan Necromancer began the quest for the Orb.
     0 | D:1      | Reached XP level 1. HP: 9/9 MP: 5/5
   438 | D:1      | Reached XP level 2. HP: 8/13 MP: 0/7
  1623 | D:2      | Found a faded altar of an unknown god.
  1694 | D:2      | Reached skill level 4 in Necromancy
  1694 | D:2      | Reached XP level 3. HP: 2/16 MP: 7/9
  1695 | D:2      | Succumbed to an adder's poison

Vault maps used:
D:1:      lightli_arrival_lavapool, minmay_misc_feat_x, minmay_misc_feat_cross,
          kennysheep_doodads
D:2:      first_ration, chequers_ecumenical_altar_simple_redux

Skill      XL: |  1  2 |
---------------+-------+-----
Spellcasting   | 3 |  3.5
Necromancy     | 4 |  4.0
Dodging        | |  3.6
Stealth        | |  3.2

Action                   || total
-------------------------++-------
Melee: Dagger            ||    14
 Cast: Pain              ||    32
  Use: Scroll            ||     3
       Potion            ||     3
 Stab: Sleeping          ||     5
Dodge: Dodged            ||    15

Table legend:
 A = Spawn XP
 B = Non-spawn XP
 C = Spawn XP percentage of total XP
 D = Spawn monster count
 E = Non-spawn monster count
 F = Spawn count percentage of total count
 G = Total turns spent on level
                    A         B        C        D         E        F      G
               +---------+---------+-------+---------+---------+-------+---------
         Total |       0 |      52 |   0.0 |       0 |      24 |   0.0 |  1695
               +---------+---------+-------+---------+---------+-------+---------
           D:1 |       0 |      31 |   0.0 |       0 |      18 |   0.0 |  1604
           D:2 |       0 |      21 |   0.0 |       0 |       6 |   0.0 |    91
               +---------+---------+-------+---------+---------+-------+---------
